Map: Lost and Found LE

Players

TooDming

  • Race: Zerg Zerg
  • Spawn Location: 1:00

Stephano - Winner!

  • Race: Zerg Zerg
  • Spawn Location: 7:00

Event: WCS Montreal 2018

VOD

Have the link to the VOD?

Description

Time

  • Played on: Sept. 7, 2018, 7:05 p.m.
  • Length: 5:11

All games in this series

Show
View Real Time Build Order
Export as new Build Order

TooDming Zerg 

Build Orders: Hatch First 

Get SALT Encoding   

  12  0:00  Drone  
  13  0:12  Overlord  
  13  0:16  Drone  
  14  0:30  Drone x2  
  16  0:47  Hatchery  
  15  0:50  Drone  
  15  0:54  Drone  
  17  0:57  Drone  
  18  1:08  Extractor  
  17  1:12  Spawning Pool  
  17  1:15  Drone  
  17  1:19  Drone  
  18  1:28  Drone  
  19  1:39  Overlord  
  19  1:59  Queen x2  
  19  2:00  Zergling x6  
  26  2:08  Metabolic Boost  
  26  2:12  Zergling x2  
  26  2:13  Zergling x2  
  28  2:27  Zergling x4  
  30  2:32  Overlord  
  30  2:35  Zergling x2  
  31  2:43  Zergling x4  
  33  2:54  Zergling x4  
  35  3:04  Zergling x4  
  37  3:08  Zergling x2  
  37  3:09  Zergling x8  
  37  3:10  Overlord  
  42  3:23  Overlord  
  42  3:26  Zergling x2  
  42  3:27  Zergling x2  
  44  3:31  Zergling x2  
  44  3:41  Zergling x4  
  39  3:50  Zergling x2  
  39  3:51  Zergling x2  
  39  3:58  Zergling x2  
  39  4:01  Zergling x2  
  38  4:04  Zergling x2  
  38  4:06  Zergling x4  
  38  4:18  Zergling x8  
  38  4:19  Zergling x2  
  41  4:24  Zergling x2  
  41  4:30  Zergling x2  
  39  4:36  Zergling x2  
  40  4:41  Zergling x2  
  40  4:42  Zergling x2, Hatchery  
  40  4:44  Zergling x2  
  40  4:45  Zergling x4  
Show
View Real Time Build Order
Export as new Build Order

Stephano Zerg - Winner!

Build Orders: Hatch First, Zergling Baneling 

Get SALT Encoding   

  12  0:00  Drone  
  13  0:12  Overlord  
  13  0:17  Drone  
  14  0:31  Drone x2  
  16  0:47  Hatchery  
  15  0:51  Drone  
  15  0:54  Drone  
  17  0:58  Drone  
  18  1:07  Extractor  
  17  1:13  Spawning Pool  
  17  1:16  Drone  
  17  1:19  Drone  
  18  1:28  Drone  
  19  1:39  Drone  
  20  1:49  Drone  
  21  1:59  Drone, Queen x2  
  21  2:00  Overlord  
  26  2:11  Drone x2  
  26  2:12  Metabolic Boost  
  28  2:25  Zergling x2  
  28  2:26  Zergling x2  
  30  2:32  Hatchery  
  29  2:38  Queen  
  31  2:49  Baneling Nest  
  31  2:51  Drone  
  31  2:54  Drone  
  31  2:57  Drone  
  33  3:01  Overlord  
  33  3:07  Drone  
  33  3:12  Overlord  
  34  3:16  Zergling x4  
  36  3:20  Zergling x10  
  41  3:32  Baneling  
  42  3:34  Zergling x6  
  44  3:42  Zergling x8  
  44  3:47  Zergling x10  
  46  3:51  Baneling  
  42  3:56  Zergling x2  
  42  3:57  Zergling x2  
  42  4:02  Zergling x2  
  30  4:10  Zergling x6  
  30  4:17  Zergling x4  
  34  4:19  Baneling  
  35  4:24  Zergling x6  
  35  4:30  Zergling x4  
  38  4:33  Baneling  
  38  4:34  Baneling  
  38  4:35  Drone  
  38  4:40  Drone x2  
  38  4:42  Drone  
  38  4:44  Baneling x2  
  41  4:50  Baneling x2  
  41  4:58  Drone  
Tags
 
Add a new tag
Caveats
  • Supply blocks, unpowered buildings, or Contaminate may cause inaccurate times.
  • Supply counts are checked every 10 seconds.